Map: Eflorescencia EE

Players

Telomando

  • Race: Protoss Protoss
  • League: Silver
  • Spawn Location: 6:00

CarlosNecu

  • Race: Terran Terran
  • Spawn Location: 9:00

TATORREA - Winner!

  • Race: Protoss Protoss
  • League: Gold
  • Spawn Location: 3:00

MrFercho - Winner!

  • Race: Zerg Zerg
  • League: Silver
  • Spawn Location: 12:00

VOD

Have the link to the VOD?

Description

Time

  • Played on: July 9, 2020, 10:37 p.m.
  • Length: 21:36
Show
View Real Time Build Order
Export as new Build Order

Telomando Protoss 

Build Orders:  

Get SALT Encoding   

  12  2:08  Probe  
  13  2:13  Pylon  
  13  2:15  Pylon  
  13  2:18  Pylon  
  13  2:20  Probe, Pylon  
  13  2:21  Assimilator  
  14  2:26  Assimilator  
  14  2:32  Probe  
  14  2:35  Gateway, Nexus  
  15  2:37  Gateway  
  15  2:39  Gateway  
  15  2:42  Gateway  
  15  2:44  Probe  
  16  2:54  Probe  
  17  3:02  Probe  
  17  3:10  Probe  
  19  3:22  Probe  
  20  3:27  Cybernetics Core  
  20  3:35  Probe  
  20  3:37  Zealot x2  
  20  3:38  Zealot  
  20  3:40  Zealot  
  29  3:47  Probe  
  31  3:48  Probe  
  31  3:59  Probe  
  32  4:03  Warp Gate  
  32  4:05  Twilight Council  
  32  4:10  Probe  
  32  4:11  Probe  
  34  4:18  Zealot  
  34  4:22  Charge  
  34  4:23  Zealot  
  38  4:26  Probe  
  38  4:29  Probe  
  40  4:58  Zealot x3  
  40  4:59  Zealot  
  48  5:04  Pylon  
  48  5:11  Probe, Forge  
  48  5:13  Probe  
  50  5:24  Forge  
  50  5:37  Probe, Protoss Ground Weapons Level 1  
  50  5:38  Probe  
  52  5:46  Protoss Ground Armor Level 1  
  52  6:06  Zealot  
  52  6:07  Zealot  
  52  6:08  Zealot  
  52  6:09  Zealot  
  60  6:16  Pylon  
  60  6:17  Probe x2  
  60  6:18  Pylon  
  62  6:29  Probe  
  60  6:59  Zealot  
  60  7:00  Zealot  
  60  7:01  Zealot  
  62  7:02  Zealot  
  58  7:08  Gateway  
  58  7:10  Gateway  
  58  7:14  Gateway  
  56  7:30  Zealot  
  56  7:31  Zealot  
  56  7:32  Zealot  
  56  7:33  Zealot  
  64  7:40  Probe x2  
  64  7:42  Pylon  
  66  7:45  Pylon  
  66  7:47  Pylon  
  66  7:52  Probe x2, Protoss Ground Weapons Level 2  
  66  7:58  Photon Cannon  
  68  8:03  Protoss Ground Armor Level 2, Photon Cannon  
  68  8:04  Probe  
  68  8:05  Probe  
  70  8:14  Pylon  
  70  8:16  Probe, Pylon  
  70  8:17  Probe  
  72  8:22  Assimilator  
  72  8:27  Assimilator  
  72  8:29  Probe x2  
  54  8:54  Nexus  
  53  9:05  Zealot x2  
  53  9:06  Zealot  
  53  9:07  Zealot  
  61  9:12  Zealot  
  61  9:15  Zealot x2  
  65  9:30  Photon Cannon  
  41  9:46  Zealot  
  41  9:48  Zealot  
  41  9:49  Zealot x2, Nexus  
  41  9:50  Zealot  
  41  9:51  Zealot  
  53  9:52  Zealot  
  55  10:07  Pylon  
  55  10:08  Pylon  
  55  10:18  Robotics Facility  
  55  10:22  Pylon  
  55  10:23  Pylon  
  55  10:25  Protoss Shields Level 1  
  55  10:27  Assimilator  
  55  10:31  Assimilator  
  55  10:37  Protoss Ground Weapons Level 3  
  43  10:51  Zealot  
  43  10:55  Zealot  
  44  10:58  Zealot  
  44  11:02  Zealot  
  48  11:06  Zealot  
  48  11:09  Zealot  
  49  11:12  Zealot  
  49  11:15  Observer  
  50  11:29  Probe x2  
  50  11:30  Probe  
  53  11:36  Observer  
  54  11:41  Probe x2  
  54  11:42  Probe  
  57  11:49  Zealot  
  57  11:52  Zealot  
  57  11:53  Probe x2, Zealot  
  57  11:54  Probe  
  64  11:55  Zealot  
  64  11:57  Zealot  
  64  11:58  Zealot, Observer  
  64  12:00  Zealot  
  73  12:05  Probe  
  74  12:09  Photon Cannon  
  74  12:11  Photon Cannon  
  74  12:12  Probe x2  
  74  12:13  Photon Cannon  
  76  12:16  Photon Cannon  
  76  12:18  Probe  
  76  12:19  Observer  
  78  12:24  Probe  
  78  12:25  Probe, Robotics Bay  
  80  12:30  Probe, Photon Cannon  
  80  12:36  Protoss Ground Armor Level 3  
  81  12:41  Observer  
  82  12:58  Shield Battery  
  82  13:01  Stalker  
  82  13:02  Stalker  
  82  13:03  Stalker  
  82  13:04  Stalker  
  82  13:05  Stalker  
  92  13:06  Stalker  
  92  13:07  Stalker  
  96  13:24  Colossus  
  102  13:27  Gravitic Boosters  
  102  13:30  Probe x3  
  105  13:42  Probe  
  105  13:43  Probe x2, Robotics Facility  
  108  13:52  Pylon  
  108  13:53  Pylon  
  108  13:54  Probe  
  108  13:55  Probe, Pylon  
  110  14:08  Nexus  
  110  14:11  Protoss Shields Level 2  
  110  14:24  Gravitic Drive  
  106  14:39  Colossus  
  106  14:40  Colossus  
  86  15:15  Stalker  
  86  15:18  Stalker  
  86  15:19  Stalker  
  86  15:21  Extended Thermal Lance  
  86  15:22  Stalker  
  86  15:25  Stalker  
  84  15:28  Stalker  
  84  15:32  Zealot  
  78  15:52  Zealot  
  80  15:59  Zealot  
  80  16:03  Colossus x2  
  94  16:06  Zealot  
  94  16:10  Zealot  
  98  16:13  Zealot  
  98  16:16  Zealot  
  102  16:19  Stalker  
  102  16:22  Stalker  
  102  16:24  Stalker  
  108  16:51  Photon Cannon  
  108  16:52  Photon Cannon  
  108  16:54  Photon Cannon  
  108  16:56  Photon Cannon  
  108  17:00  Shield Battery  
  108  17:02  Shield Battery  
  108  17:07  Colossus x2  
  120  17:19  Nexus  
  120  17:41  Pylon  
  106  18:01  Colossus x2  
  106  18:02  Assimilator  
  116  18:07  Zealot, Assimilator  
  116  18:10  Zealot  
  116  18:12  Zealot  
  112  18:14  Zealot  
  112  18:15  Zealot  
  112  18:17  Zealot  
  112  18:19  Zealot  
  108  18:38  Stalker  
  103  18:42  Stalker  
  103  18:46  Stalker  
  99  18:49  Stalker  
  99  18:52  Stalker  
  99  18:55  Stalker  
  104  19:15  Colossus  
  36  20:02  Stalker  
  36  20:04  Stalker  
  36  20:06  Stalker  
  42  20:08  Stalker, Colossus  
  42  20:10  Stalker  
  52  20:15  Stalker  
  52  20:20  Stalker  
  56  20:38  Stalker  
Show
View Real Time Build Order
Export as new Build Order

CarlosNecu Terran 

Build Orders:  

Get SALT Encoding   

  12  0:05  SCV  
  13  0:17  SCV  
  14  0:29  SCV  
  15  0:37  Supply Depot  
  15  0:59  SCV  
  15  1:01  Barracks  
  15  1:03  Refinery  
  16  1:06  Refinery  
  16  1:11  SCV  
  17  1:33  Command Center  
  17  1:36  SCV  
  18  1:49  SCV, Barracks  
  19  1:54  Marine  
  20  2:07  Supply Depot  
  20  2:12  Marine  
  21  2:18  Orbital Command  
  21  2:35  Marine x2  
  23  2:43  Factory  
  23  2:44  SCV  
  24  2:56  SCV  
  25  2:58  Marine  
  25  2:59  Marine  
  25  3:03  SCV  
  28  3:08  SCV  
  29  3:15  SCV  
  29  3:16  Marine x2  
  32  3:28  Starport, Factory Tech Lab  
  32  3:34  Marine x2  
  32  3:36  Barracks  
  32  3:40  SCV x2  
  36  3:48  Siege Tank  
  39  3:57  Marine x2  
  42  4:02  SCV  
  42  4:03  SCV  
  42  4:09  Supply Depot  
  43  4:14  Starport Reactor  
  43  4:20  Siege Tank  
  46  4:31  Orbital Command  
  46  4:32  Supply Depot  
  46  4:36  SCV  
  47  4:42  Marine x3  
  50  4:48  SCV  
  51  4:59  Medivac x2  
  55  5:00  SCV  
  56  5:08  Supply Depot  
  56  5:12  SCV  
  57  5:16  SCV  
  58  5:24  SCV  
  58  5:25  Refinery  
  59  5:28  SCV  
  59  5:29  Refinery  
  59  5:32  Engineering Bay  
  59  5:34  Medivac  
  59  5:35  Medivac  
  64  5:36  SCV, Siege Tank  
  64  5:38  Marine x2  
  70  5:59  Supply Depot  
  70  6:01  Terran Infantry Armor Level 1  
  70  6:02  Barracks Reactor  
  70  6:03  Barracks Reactor  
  70  6:08  Barracks Tech Lab  
  70  6:14  SCV x2  
  72  6:22  Supply Depot  
  68  6:26  SCV  
  68  6:28  Marine  
  50  6:46  Marine  
  49  6:59  Marine x3  
  49  7:00  Marine  
  51  7:04  Marine, Siege Tank  
  51  7:07  Viking, Medivac  
  56  7:17  Marine x4  
  56  7:21  Marine  
  61  7:35  Marine x4  
  61  7:37  Medivac  
  65  7:39  Marine  
  68  7:50  SCV x2  
  70  7:53  Marine x4  
  70  7:57  Marine  
  75  7:58  Siege Tank  
  75  8:00  Combat Shield  
  75  8:02  SCV x2  
  80  8:10  Command Center, Marine  
  80  8:11  Medivac  
  83  8:14  SCV, Marine x3  
  83  8:15  Marine  
  88  8:23  Supply Depot  
  88  8:28  Marine  
  88  8:32  Marine x3  
  88  8:33  Marine  
  87  8:46  Supply Depot, Marine  
  79  8:49  Marine  
  80  9:11  Supply Depot  
  80  9:14  Barracks x2  
  80  9:15  Barracks  
  80  9:21  Siege Tank  
  83  9:24  Liberator  
  83  9:26  Viking  
  83  9:27  Orbital Command  
  88  9:56  Viking  
  90  10:07  Barracks Reactor x3, Viking  
  92  10:20  Factory  
  92  10:21  Factory  
  92  10:26  Viking  
  94  10:30  Supply Depot  
  94  10:37  Viking  
  88  10:52  Supply Depot  
  84  11:08  Marine x7  
  84  11:09  Marine x4  
  95  11:11  Orbital Command  
  95  11:16  Supply Depot  
  95  11:25  Marine  
  95  11:26  Marine x8  
  95  11:27  Marine x2  
  106  11:39  Supply Depot  
  106  11:43  Marine x2  
  106  11:44  Marine x5  
  110  11:59  Factory Reactor x2  
  110  12:08  Siege Tank  
  113  12:14  SCV x2  
  113  12:15  SCV  
  116  12:26  SCV  
  116  12:27  SCV x2  
  116  12:29  Medivac x2  
  123  12:33  Terran Infantry Weapons Level 1  
  123  12:38  SCV, Refinery  
  123  12:39  SCV x2, Refinery  
  123  12:40  Siege Tank  
  123  12:43  Widow Mine x4  
  137  12:59  Viking, Medivac  
  137  13:04  Widow Mine x4  
  149  13:25  Widow Mine  
  149  13:26  Widow Mine  
  153  13:28  Viking  
  153  13:29  Viking  
  157  13:46  Starport  
  157  13:47  Marine  
  157  13:48  Marine x7, Starport  
  161  13:49  Marine x3  
  161  13:51  Starport  
  168  13:58  Viking  
  170  14:05  Marine x3  
  173  14:59  Hellion x3, Marine x6  
  181  15:00  Hellion x2, Marine x5  
  181  15:03  Starport Reactor x2  
  188  15:17  Marine  
  188  15:18  Marine  
  188  15:19  Starport Reactor  
  188  15:21  Hellion x5  
  151  15:40  Marine  
  151  15:41  Marine x8  
  151  15:42  Hellion, Marine x2  
  122  15:58  Marine x3  
  122  15:59  Marine x8  
  122  16:03  Siege Tank  
  136  16:16  Marine x4  
  136  16:17  Marine x7  
  147  16:34  Marine x2  
  149  16:56  Command Center  
  149  16:59  Marine x5  
  149  17:00  Marine x5  
  159  17:18  Marine x4  
  159  17:19  Marine x6  
  159  17:20  Command Center, Marine  
  170  17:30  Command Center  
  170  17:32  SCV x2  
  170  17:36  Marine  
  174  17:44  SCV  
  103  18:05  Siege Tank  
  103  18:07  Marine x2  
  103  18:08  Marine  
  70  18:34  Refinery  
  70  18:50  Marine x2  
  70  18:51  Marine x7  
  70  18:52  Marine x2  
  66  19:08  Marine x3  
  53  19:24  Orbital Command  
  53  19:34  Siege Tank  
  53  19:37  Marine x3  
  53  19:38  Marine x2  
  61  19:40  Marine  
  49  20:00  SCV  
  49  20:06  Siege Tank  
  53  20:25  Marine x2  
  53  20:26  Marine x4  
  53  20:27  Marine  
  55  20:38  Marine, Siege Tank  
  46  20:46  Marine x2  
Show
View Real Time Build Order
Export as new Build Order

TATORREA Protoss - Winner!

Build Orders: Blink Stalkers 

Get SALT Encoding   

  12  0:01  Probe  
  13  0:14  Probe  
  14  0:18  Pylon  
  14  0:26  Probe  
  15  0:38  Probe  
  15  0:41  Gateway  
  16  0:50  Probe, Assimilator  
  17  1:00  Probe  
  18  1:04  Pylon  
  18  1:08  Probe  
  18  1:13  Assimilator  
  18  1:16  Probe  
  20  1:28  Probe  
  21  1:34  Cybernetics Core  
  21  1:40  Probe  
  22  1:49  Gateway  
  22  1:52  Probe  
  23  2:12  Twilight Council  
  23  2:16  Robotics Facility  
  23  2:19  Gateway  
  23  2:20  Probe  
  24  2:23  Warp Gate  
  24  2:34  Stalker  
  26  2:41  Stalker  
  28  3:04  Stalker  
  30  3:15  Nexus  
  30  3:25  Pylon  
  30  3:27  Blink  
  30  3:32  Pylon  
  30  3:36  Probe  
  31  3:44  Observer  
  31  3:46  Probe  
  33  3:54  Probe  
  33  4:02  Probe  
  34  4:08  Pylon  
  35  4:14  Probe, Stalker  
  35  4:16  Sentry  
  40  4:18  Sentry  
  42  4:26  Probe  
  42  4:28  Probe  
  45  4:38  Probe  
  45  4:40  Probe  
  45  4:41  Stalker  
  45  4:44  Stalker  
  50  4:52  Probe  
  51  4:53  Probe  
  52  5:00  Immortal  
  56  5:21  Probe x2, Robotics Bay  
  57  5:28  Assimilator  
  58  5:33  Probe x2, Assimilator  
  58  5:35  Stalker  
  62  5:36  Stalker  
  62  5:40  Pylon  
  64  5:45  Probe x2  
  64  5:48  Stalker  
  68  6:02  Stalker  
  68  6:03  Stalker  
  72  6:13  Probe x2  
  72  6:17  Shield Battery  
  74  6:37  Stalker  
  74  6:38  Stalker  
  78  6:52  Pylon  
  78  6:54  Pylon  
  78  6:56  Immortal  
  78  6:57  Pylon  
  78  6:58  Pylon  
  78  6:59  Extended Thermal Lance  
  76  7:01  Pylon  
  76  7:03  Pylon  
  76  7:05  Pylon  
  76  7:06  Pylon  
  62  7:15  Stalker x2  
  54  7:16  Stalker  
  58  7:27  Charge  
  58  7:29  Colossus  
  64  7:43  Nexus  
  64  7:47  Pylon  
  64  7:51  Pylon  
  64  7:55  Probe x2  
  66  8:06  Stalker  
  66  8:07  Probe x2, Stalker  
  72  8:19  Probe x2  
  74  8:31  Probe x2  
  76  8:34  Gateway x2  
  76  8:38  Gateway  
  76  8:41  Stalker  
  76  8:42  Stalker  
  76  8:45  Zealot  
  82  8:56  Colossus  
  82  9:01  Probe x2  
  90  9:09  Probe, Assimilator  
  91  9:13  Probe x2, Assimilator  
  93  9:21  Probe  
  93  9:22  Stalker x2  
  98  9:28  Probe x2  
  100  9:33  Probe  
  101  9:48  Probe x3, Nexus  
  101  9:51  Pylon  
  104  9:54  Pylon  
  104  10:00  Probe x3  
  107  10:20  Gateway  
  107  10:22  Gateway  
  107  10:25  Stalker x2, Gateway  
  107  10:26  Stalker x2  
  107  10:28  Gateway  
  115  10:32  Gateway  
  85  11:00  Stalker x4  
  85  11:01  Stalker x2  
  85  11:03  Probe x4  
  101  11:15  Probe x4  
  101  11:16  Assimilator  
  105  11:19  Assimilator  
  105  11:27  Probe x2  
  105  11:30  Nexus  
  105  11:31  Stalker x2  
  105  11:32  Stalker x3  
  115  11:33  Stalker, Pylon  
  115  11:36  Pylon  
  119  11:43  Forge  
  119  11:44  Forge  
  119  11:46  Forge  
  119  11:47  Templar Archives  
  119  11:59  Colossus  
  119  12:00  Stalker x3  
  119  12:01  Stalker x3  
  131  12:15  Stalker x3  
  141  12:21  Stalker  
  141  12:22  Stalker  
  147  12:26  Protoss Shields Level 1, Protoss Ground Armor Level 1, Protoss Ground Weapons Level 1  
  147  12:43  Psionic Storm  
  147  12:47  High Templar x4  
  147  12:48  High Templar x4  
  147  12:49  High Templar x3  
  169  12:52  Colossus  
  169  12:53  Archon x2  
  169  12:54  Archon x3  
  175  13:44  Nexus  
  175  13:46  Stalker x3, Pylon  
  175  13:47  Stalker x3  
  175  13:48  Stalker, Pylon  
  189  13:49  Stalker  
  191  13:58  Assimilator  
  191  14:05  Gateway, Assimilator  
  191  14:09  Zealot x2, Gateway  
  195  14:10  Zealot x2  
  195  14:15  Gateway  
  195  14:16  Protoss Shields Level 2, Protoss Ground Weapons Level 2, Protoss Ground Armor Level 2  
  199  14:17  Gateway  
  199  14:19  Gateway  
  199  14:27  Gateway  
  199  14:34  Gateway  
  199  14:38  Gateway  
  156  15:11  High Templar  
  156  15:12  High Templar x10  
  156  15:13  High Templar x3  
  146  15:17  Archon x6  
  146  15:18  Archon  
  138  15:22  Stalker x2  
  114  15:44  Stalker x2  
  114  15:45  Stalker x3  
  114  15:46  Stalker x4  
  114  15:47  Stalker x5  
  136  15:50  Zealot  
  136  15:51  Zealot x4  
  146  16:00  Gateway  
  146  16:02  Gateway  
  146  16:06  Gateway  
  146  16:08  Gateway  
  146  16:12  Gateway  
  146  16:15  Gateway  
  146  16:16  Colossus  
  146  16:18  Gateway  
  152  16:20  Stalker x3  
  152  16:21  Stalker x3, Gateway  
  152  16:22  Stalker  
  166  16:28  Gateway  
  166  16:34  Gateway  
  166  16:36  Stalker x3  
  166  16:37  Stalker x2, Gateway  
  176  16:41  Gateway  
  176  16:43  Protoss Ground Weapons Level 3  
  176  16:51  Protoss Shields Level 3  
  176  17:00  Protoss Ground Armor Level 3  
  176  17:09  Colossus  
  182  17:21  Zealot x3  
  182  17:22  Zealot x4  
  194  17:23  Zealot x2  
  152  18:10  Stalker  
  152  18:11  Stalker x4  
  152  18:12  Stalker x5  
  154  18:13  Stalker x4  
  154  18:14  Stalker x5  
  154  18:15  Stalker x4  
  176  18:25  Stalker x3  
  176  18:26  Stalker  
  170  18:36  Probe x2  
  170  18:37  Probe x2  
  170  18:48  Probe  
  170  18:49  Probe x2  
  173  19:00  Probe  
  173  19:01  Probe x3  
  177  19:05  Assimilator  
  177  19:08  Stalker  
  177  19:09  Stalker x3  
  185  19:10  Stalker x4  
  143  19:54  Stalker  
  143  19:55  Stalker x3  
  143  19:56  Stalker x4  
  143  19:57  Stalker x4  
  143  19:58  Stalker x2  
  169  20:14  Stalker x4  
  171  20:15  Stalker  
  173  20:48  Stalker  
  173  20:49  Stalker x5  
  185  20:50  Stalker x3  
Show
View Real Time Build Order
Export as new Build Order

MrFercho Zerg - Winner!

Build Orders: Hatch First 

Get SALT Encoding   

  12  0:01  Drone  
  13  0:14  Overlord  
  13  0:18  Drone  
  14  0:32  Drone x2  
  16  0:55  Hatchery  
  16  0:56  Drone  
  16  0:58  Drone  
  16  1:01  Drone  
  18  1:12  Extractor  
  17  1:20  Spawning Pool  
  17  1:22  Drone  
  17  1:25  Drone  
  18  1:31  Drone  
  19  1:42  Drone  
  20  1:51  Drone  
  21  2:02  Drone  
  21  2:07  Queen  
  21  2:08  Queen  
  26  2:09  Overlord  
  26  2:17  Metabolic Boost  
  26  2:19  Drone x2  
  28  2:36  Zergling x4  
  30  2:38  Drone  
  31  2:47  Drone x2  
  33  2:56  Drone x2  
  35  3:01  Drone  
  36  3:06  Overlord  
  36  3:11  Overlord  
  36  3:26  Drone x3  
  36  3:27  Drone x3  
  42  3:42  Hatchery  
  41  3:50  Drone x2  
  41  3:53  Overlord x3  
  41  3:54  Overlord  
  43  3:59  Drone x6  
  49  4:14  Hatchery  
  49  4:16  Drone  
  50  4:17  Drone  
  50  4:38  Zergling x14  
  56  5:12  Drone  
  56  5:13  Drone x5  
  62  5:26  Queen  
  64  5:29  Zergling x22  
  75  5:45  Zergling x8  
  79  5:51  Lair  
  79  5:56  Baneling Nest  
  78  6:07  Zergling x24  
  74  6:45  Zergling x10  
  74  6:46  Zergling x16  
  82  6:54  Zergling x2  
  73  7:10  Zergling x18  
  73  7:15  Zergling x2  
  76  7:28  Baneling x19  
  75  7:30  Zergling x14  
  82  7:47  Centrifical Hooks  
  82  7:49  Zergling x10  
  87  7:51  Baneling  
  87  7:52  Baneling x4  
  87  7:56  Overlord x2  
  87  7:57  Overlord  
  87  8:09  Hatchery  
  86  8:20  Zergling x30  
  86  8:21  Zergling x2  
  79  8:45  Zergling x22  
  79  8:46  Zergling x8  
  80  9:16  Baneling x2  
  80  9:17  Baneling x7  
  74  9:19  Zergling x12  
  74  9:20  Zergling x22  
  91  9:33  Extractor  
  80  9:43  Zergling x28  
  91  9:49  Zergling x10  
  96  9:58  Baneling x5  
  96  10:07  Zergling x2  
  96  10:08  Zergling x30  
  73  10:52  Zergling x14  
  73  10:53  Zergling x30  
  84  11:07  Zergling x22  
  57  11:57  Evolution Chamber  
  57  11:58  Evolution Chamber  
  53  12:04  Drone x3  
  53  12:05  Hydralisk Den  
  55  12:09  Extractor  
  55  12:12  Extractor  
  53  12:29  Extractor  
  52  12:31  Extractor  
  51  12:41  Zerg Melee Weapons Level 1, Zerg Ground Armor Level 1  
  51  12:46  Infestation Pit  
  50  13:00  Drone x3  
  50  13:01  Drone  
  54  13:07  Drone  
  55  13:13  Hydralisk x9  
  55  13:19  Zergling x2  
  72  13:20  Zergling x42  
  72  13:21  Zergling x8  
  97  13:30  Overlord x4  
  97  13:31  Overlord x3  
  97  13:37  Grooved Spines  
  97  13:43  Hive  
  97  13:52  Drone  
  98  14:00  Baneling x5  
  98  14:01  Baneling x8  
  98  14:02  Zergling x2  
  99  14:03  Zergling x36  
  99  14:07  Hydralisk x4  
  126  14:10  Zergling x8  
  129  14:25  Spine Crawler  
  129  14:29  Zergling x26, Spine Crawler  
  129  14:31  Spore Crawler  
  139  14:33  Baneling x16  
  139  14:34  Baneling  
  139  14:35  Hydralisk  
  142  14:38  Zergling x8  
  142  14:39  Zergling x6  
  148  14:47  Zergling x2  
  148  14:48  Zergling x6, Muscular Augments  
  152  15:09  Zergling x24  
  141  15:24  Zergling x28  
  127  15:42  Zergling x16  
  106  15:48  Hydralisk x6  
  76  16:08  Baneling  
  76  16:09  Baneling x20  
  76  16:10  Hydralisk, Baneling x6  
  76  16:11  Hydralisk x8  
  78  16:13  Overlord x3  
  94  16:23  Hydralisk  
  94  16:24  Hydralisk x3  
  102  16:30  Hydralisk  
  104  16:33  Zergling x2  
  104  16:34  Zergling x8  
  109  16:47  Hatchery  
  109  16:49  Hydralisk x2  
  51  18:23  Drone x4  
  51  18:24  Drone x20  
  75  18:49  Spine Crawler  
  54  19:20  Hydralisk x6  
  54  19:21  Hydralisk  
  64  19:33  Drone x5  
  69  19:40  Extractor  
  69  19:42  Extractor  
  67  19:51  Drone  
  68  19:57  Hydralisk x3  
  68  19:58  Hydralisk x2  
  78  20:14  Extractor  
  77  20:33  Hatchery  
  70  21:11  Lurker Den  
Tags
 
Add a new tag
Caveats
  • Supply blocks, unpowered buildings, or Contaminate may cause inaccurate times.
  • Supply counts are checked every 10 seconds.